Map: Orbital Shipyard

Players

NoRegreT

  • Race: Zerg Zerg
  • League: Master

NightEnD - Winner!

  • Race: Protoss Protoss
  • League: Master

Event: ASL Season 5 Prime League LOTV Beta

VOD

Have the link to the VOD?

Description

Time

  • Played on: Sept. 29, 2015, 9:10 a.m.
  • Length: 12:43

All games in this series

Show
View Real Time Build Order
Export as new Build Order

NoRegreT Zerg 

Build Orders: 3 Hatch before Pool, Lurkers 

Get SALT Encoding   

  12  0:02  Drone  
  13  0:08  Drone  
  14  0:21  Drone, Extractor  
  13  0:22  Drone, Extractor  
  13  0:26  Overlord  
  16  0:48  Hatchery  
  15  0:51  Drone  
  15  0:54  Drone  
  17  0:58  Drone  
  18  1:18  Hatchery  
  17  1:20  Drone  
  18  1:27  Extractor  
  17  1:35  Spawning Pool  
  17  1:37  Drone  
  17  1:42  Drone  
  18  1:49  Drone  
  19  1:57  Drone  
  20  2:02  Drone x2  
  22  2:11  Drone x2  
  24  2:22  Queen  
  24  2:23  Queen  
  24  2:28  Overlord  
  28  2:31  Drone  
  28  2:36  Metabolic Boost  
  29  2:37  Drone  
  29  2:38  Drone  
  29  2:41  Drone  
  32  2:45  Evolution Chamber  
  32  2:50  Queen  
  33  2:53  Drone  
  33  2:58  Drone x2  
  36  2:59  Drone  
  36  3:04  Drone x2  
  39  3:07  Zergling x2  
  39  3:09  Zergling x2  
  39  3:12  Drone  
  42  3:14  Zerg Melee Weapons Level 1  
  42  3:18  Overlord  
  42  3:37  Drone x6  
  42  3:38  Drone, Overlord  
  42  3:40  Zergling x2  
  50  3:47  Overlord  
  50  3:51  Lair  
  50  3:58  Drone x3  
  53  4:05  Drone x2  
  53  4:06  Drone  
  53  4:07  Drone  
  53  4:09  Drone x2  
  58  4:10  Drone x6  
  58  4:12  Overlord  
  64  4:18  Extractor  
  64  4:19  Drone, Extractor  
  64  4:20  Drone x2, Extractor  
  64  4:30  Overlord  
  64  4:31  Zergling x4  
  64  4:32  Zergling x8  
  64  4:35  Zergling x2  
  71  4:40  Zergling x2  
  71  4:42  Zergling x2  
  73  4:49  Overlord  
  73  4:50  Zergling x8  
  73  4:52  Zergling x8  
  81  4:53  Spire  
  81  4:55  Zergling x2  
  81  4:56  Overlord  
  81  4:59  Overlord  
  81  5:05  Overlord  
  81  5:07  Zergling x4  
  81  5:13  Zergling x8  
  87  5:14  Zergling x2  
  87  5:15  Zergling x12  
  87  5:16  Zergling x2  
  95  5:24  Zergling x2  
  95  5:25  Zergling x4  
  93  5:47  Drone x5  
  93  5:49  Overlord  
  98  5:52  Extractor  
  98  5:54  Extractor  
  83  6:05  Mutalisk x2  
  83  6:06  Mutalisk x6  
  83  6:09  Hatchery  
  85  6:15  Zergling x6  
  85  6:18  Zergling x12  
  92  6:19  Mutalisk, Zergling x6  
  92  6:24  Overlord  
  99  6:26  Mutalisk  
  99  6:28  Zergling x4  
  99  6:30  Drone  
  99  6:32  Drone  
  105  6:35  Zerg Melee Weapons Level 2  
  105  6:38  Drone  
  105  6:39  Queen  
  108  6:42  Drone  
  108  6:43  Drone  
  110  6:48  Drone x2  
  110  6:49  Drone x2  
  114  6:57  Mutalisk  
  114  6:58  Mutalisk  
  114  7:01  Mutalisk  
  111  7:03  Zergling x12  
  111  7:06  Mutalisk  
  121  7:10  Drone x2  
  123  7:18  Hydralisk Den  
  123  7:19  Mutalisk  
  123  7:21  Drone x2  
  123  7:22  Drone  
  125  7:33  Zergling x8  
  125  7:36  Lurker Den  
  127  7:45  Zergling x8  
  127  7:46  Zergling x10  
  127  7:47  Zergling x2  
  133  7:54  Overlord  
  125  8:03  Hydralisk x6  
  131  8:10  Hydralisk x4  
  131  8:11  Hydralisk x3  
  128  8:16  Hydralisk x2  
  128  8:18  Zergling x2  
  128  8:19  Queen, Zergling x6  
  130  8:20  Zergling x6  
  130  8:22  Hydralisk  
  130  8:23  Hydralisk  
  136  8:27  Hydralisk  
  136  8:29  Zergling x6  
  136  8:31  Hydralisk  
  136  8:33  Zergling x2  
  144  8:34  Overlord  
  144  8:37  Overlord  
  144  8:41  Overlord, Extractor  
  144  8:43  Extractor  
  144  8:45  Overlord  
  144  8:47  Spore Crawler  
  141  8:50  Spore Crawler  
  138  8:58  Hydralisk x4  
  138  8:59  Hydralisk x5  
  156  9:04  Zergling x4  
  156  9:05  Zergling x6  
  156  9:06  Spore Crawler  
  160  9:14  Zergling x2  
  160  9:15  Zergling x10  
  160  9:16  Muscular Augments  
  165  9:18  Lurker  
  165  9:20  Zergling x2  
  167  9:26  Overlord  
  165  9:38  Zergling x8  
  147  9:39  Zergling x4  
  147  9:42  Hydralisk x3  
  147  9:45  Hydralisk x6  
  138  9:48  Hydralisk x2  
  138  9:49  Zergling x2  
  128  9:53  Zergling x4  
  128  9:55  Zergling x6  
  128  9:58  Hydralisk  
  115  10:03  Hydralisk x2  
  115  10:05  Zergling x4  
  116  10:09  Lurker x3  
  116  10:13  Hydralisk  
  119  10:15  Zergling x8  
  119  10:18  Hydralisk  
  119  10:21  Hydralisk  
  121  10:33  Hydralisk  
  121  10:34  Hydralisk x3  
  124  10:38  Hydralisk  
  124  10:39  Hydralisk  
  124  10:41  Zergling x4  
  123  10:53  Hydralisk x4  
  123  10:54  Hydralisk  
  133  11:07  Lurker x2  
  133  11:10  Zergling x8  
  133  11:11  Zergling x12  
  141  11:17  Zergling x10  
  150  11:35  Hatchery  
  150  11:36  Zergling x4  
  150  11:37  Zergling x2  
  152  11:40  Lurker x3  
  152  11:41  Lurker  
  143  12:13  Hydralisk x4  
  122  12:17  Hydralisk x3  
  122  12:18  Hydralisk x5  
  123  12:22  Lurker  
  123  12:23  Lurker  
  123  12:25  Zergling x6  
  127  12:36  Lurker x3  
Show
View Real Time Build Order
Export as new Build Order

NightEnD Protoss - Winner!

Build Orders: 1 Gate Expand 

Get SALT Encoding   

  12  0:00  Probe (Chrono Boost)  
  13  0:10  Probe (Chrono Boost)  
  14  0:19  Pylon  
  14  0:20  Probe (Chrono Boost)  
  15  0:37  Probe (Chrono Boost)  
  15  0:40  Gateway  
  16  0:47  Probe (Chrono Boost)  
  17  0:56  Probe (Chrono Boost)  
  18  1:06  Probe (Chrono Boost)  
  19  1:14  Nexus  
  19  1:16  Probe (Chrono Boost)  
  20  1:26  Probe (Chrono Boost)  
  20  1:29  Pylon  
  21  1:35  Assimilator  
  21  1:36  Assimilator  
  21  1:38  Probe (Chrono Boost)  
  22  1:47  Probe (Chrono Boost)  
  22  1:51  Cybernetics Core  
  23  1:57  Probe (Chrono Boost)  
  23  1:59  Zealot  
  26  2:07  Probe (Chrono Boost)  
  27  2:17  Probe (Chrono Boost)  
  27  2:21  Gateway  
  28  2:26  Probe (Chrono Boost)  
  28  2:27  Mothership Core (Chrono Boost)  
  31  2:32  Adept (Chrono Boost)  
  31  2:36  Probe (Chrono Boost)  
  34  2:41  Pylon  
  34  2:45  Probe (Chrono Boost)  
  34  2:46  Probe (Chrono Boost)  
  34  2:47  Warp Gate  
  36  2:56  Probe  
  36  2:57  Sentry (Chrono Boost), Probe  
  40  3:05  Probe  
  40  3:09  Probe (Chrono Boost)  
  42  3:17  Probe (Chrono Boost)  
  43  3:20  Probe (Chrono Boost)  
  43  3:21  Gateway  
  44  3:27  Probe (Chrono Boost)  
  44  3:29  Pylon  
  44  3:30  Probe (Chrono Boost)  
  44  3:31  Adept x2  
  50  3:37  Probe (Chrono Boost)  
  50  3:40  Probe (Chrono Boost)  
  52  3:45  Forge  
  52  3:48  Twilight Council, Probe (Chrono Boost)  
  52  3:50  Probe (Chrono Boost)  
  52  3:54  Robotics Facility  
  54  3:58  Pylon  
  54  3:59  Protoss Ground Weapons Level 1  
  54  4:03  Probe (Chrono Boost)  
  54  4:05  Adept x2  
  54  4:06  Probe (Chrono Boost)  
  60  4:12  Assimilator  
  60  4:13  Probe (Chrono Boost)  
  60  4:16  Probe (Chrono Boost)  
  62  4:17  Assimilator  
  62  4:23  Probe (Chrono Boost)  
  63  4:26  Probe  
  64  4:32  Pylon  
  64  4:35  Probe, Pylon  
  66  4:38  Probe  
  66  4:41  Observer  
  67  4:47  Probe  
  67  4:50  Probe  
  69  4:55  Adept x2  
  69  4:56  Adept  
  69  4:59  Probe, Gateway  
  76  5:00  Gateway, Shield Upgrade (Chrono Boost)  
  76  5:02  Probe  
  76  5:04  Gateway  
  77  5:20  Robotics Bay  
  77  5:27  Adept x3  
  73  5:46  Nexus  
  73  5:48  Adept x3  
  79  5:59  Stargate  
  79  6:01  Adept x2, Stargate  
  79  6:02  Adept  
  85  6:04  Pylon  
  85  6:09  Adept x3  
  75  6:17  Probe x2  
  76  6:23  Photon Cannon  
  76  6:26  Photon Cannon  
  76  6:32  Pylon  
  76  6:34  Probe x2, Pylon  
  76  6:38  Pylon  
  78  6:42  Phoenix (Chrono Boost)  
  78  6:43  Phoenix (Chrono Boost)  
  82  6:49  Stalker x2  
  82  6:50  Stalker  
  82  6:53  Adept  
  90  7:03  Phoenix (Chrono Boost)  
  90  7:04  Phoenix (Chrono Boost)  
  90  7:06  Probe  
  90  7:07  Probe  
  96  7:09  Assimilator  
  96  7:14  Probe, Assimilator  
  96  7:19  Probe x2  
  99  7:25  Phoenix x2 (Chrono Boost)  
  103  7:30  Probe  
  103  7:32  Probe x2  
  106  7:38  Fleet Beacon  
  106  7:39  Pylon  
  102  7:53  Adept  
  102  7:54  Adept x5  
  114  7:59  Robotics Bay  
  69  8:05  Phoenix (Chrono Boost)  
  108  8:15  Protoss Ground Weapons Level 2  
  108  8:17  Adept  
  110  8:20  Warp Prism (Chrono Boost)  
  110  8:25  Mothership Core, Photon Cannon  
  110  8:26  Photon Cannon  
  112  8:31  Gateway  
  112  8:32  Gateway  
  114  8:34  Gateway, Adept x5  
  114  8:36  Gateway  
  122  8:56  Adept x3  
  122  8:57  Adept x3  
  134  9:03  Observer (Chrono Boost)  
  134  9:07  Pylon x2  
  134  9:08  Pylon  
  131  9:19  Adept x5  
  141  9:26  Disruptor (Chrono Boost)  
  142  9:36  Adept x4  
  142  9:37  Adept  
  146  9:43  Adept x5  
  106  10:03  Adept x2  
  106  10:04  Adept x4  
  106  10:05  Adept x4  
  124  10:07  Disruptor (Chrono Boost)  
  113  10:37  Disruptor (Chrono Boost)  
  108  10:43  Adept x3  
  108  10:44  Adept x3  
  108  10:45  Adept  
  122  10:50  Adept x2  
  122  10:51  Adept  
  118  11:04  Gravitic Drive (Chrono Boost)  
  118  11:05  Warp Prism (Chrono Boost)  
  120  11:12  Adept x2  
  120  11:13  Adept x6  
  120  11:14  Adept x2  
  140  11:34  Adept, Observer  
  140  11:35  Adept x3  
  140  11:36  Adept x4  
  140  11:38  Adept  
  159  11:51  Observer  
  159  11:59  Adept x2  
  164  12:15  Adept x5  
  152  12:20  Adept x5  
Tags
 
Add a new tag
Caveats
  • Supply blocks, unpowered buildings, or Contaminate may cause inaccurate times.
  • Supply counts are checked every 10 seconds.